 Dungeon Crawl Stone Soup version 0.30-a0-424-g7412bad402 (webtiles) character file.

Game seed: 5076705974142968708

770 McMuffin the Covered (level 7, -2/61 HPs)
             Began as a Minotaur Fighter on Dec 9, 2022.
             Was an Initiate of Gozag.
             Killed from afar by an electric eel (13 damage)
             ... with a bolt of electricity
             ... on level 5 of the Dungeon.
             The game lasted 00:23:45 (4035 turns).

McMuffin the Covered (Minotaur Fighter)             Turns: 4035, Time: 00:23:48

Health: -2/61      AC: 11    Str: 22    XL:     7   Next: 53%
Magic:  6/6        EV:  7    Int:  5    God:    Gozag
Gold:   333        SH:  5    Dex: 10    Spells: 6/6 levels left

rFire   . . .      SeeInvis .    r - +3 hand axe (vorpal)
rCold   . . .      Faith    .    c - +0 buckler
rNeg    . . .      Spirit   .    w - +1 chain mail
rPois   .          Reflect  .    (helmet restricted)
rElec   .          Harm     .    (no cloak)
rCorr   .          Rampage  .    (no gloves)
Will    .....                    (no boots)
Stlth   ..........               u - amulet of magic regeneration
HPRegen 0.30/turn                (no ring)
MPRegen 0.50/turn                (no ring)

@: no status effects
A: horns 2, retaliatory headbutt
a: Renounce Religion, Potion Petition, Call Merchant, Bribe Branch


You were on level 5 of the Dungeon.
You worshipped Gozag.
Gozag was aware of your devotion.
You visited 1 branch of the dungeon, and saw 5 of its levels.

You collected 693 gold pieces.
You paid 360 gold pieces to Gozag.

Inventory:

Hand Weapons
 a - a +0 war axe
 r - a +3 vorpal hand axe (weapon)
 v - a +2 hand axe of freezing
Missiles
 e - 2 poisoned darts
 s - a boomerang (quivered)
Armour
 b - a +0 scale mail
 c - a +0 buckler (worn)
 k - a +0 helmet
 w - a +1 chain mail (worn)
Jewellery
 u - an amulet of magic regeneration (around neck)
Scrolls
 i - a scroll of teleportation {unknown}
 j - 3 scrolls of enchant armour
 n - 2 scrolls of fog
 p - a scroll of enchant weapon
 q - a scroll of identify
Potions
 d - 2 potions of might
 f - 2 potions of flight
 g - a potion of cancellation {unknown}
 h - a potion of berserk rage {unknown}
 l - a potion of heal wounds
 m - 4 potions of curing
 o - a potion of mutation {unknown}
 t - a potion of haste {unknown}


   Skills:
 + Level 5.0 Fighting
 + Level 5.7 Axes
 + Level 3.5 Throwing
 + Level 6.2 Armour
 + Level 0.6 Dodging
 + Level 0.8 Stealth
 + Level 4.9 Shields


You had 6 spell levels left.
You didn't know any spells.
Your spell library contained the following spells:

 Spells                   Type           Power      Damage    Failure   Level
 Kiss of Death            Conj/Necr      0%         2d5       99%         1
 Confusing Touch          Hex            0%         N/A       100%        3
 Dispel Undead            Necr           0%         3d6       100%        4


Dungeon Overview and Level Annotations

Branches:
Dungeon (5/15)             Temple (0/1) D:5

Altars:
Ashenzari
Fedhas
Gozag
Sif Muna
Uskayaw
Yredelemnul


Innate Abilities, Weirdness & Mutations

You have a pair of horns on your head.
You reflexively headbutt those who attack you in melee.


Message History

The killer bee is heavily wounded.
You block the killer bee's attack. The killer bee closely misses you.
You miss the killer bee. Your headbutt misses the killer bee.
The killer bee is heavily wounded.
The killer bee closely misses you.
The killer bee stings you but does no damage.
You barely miss the killer bee. Your headbutt misses the killer bee.
The killer bee is heavily wounded.
The killer bee stings you but does no damage. x2
You miss the killer bee.
The killer bee is heavily wounded.
The killer bee stings you but does no damage. x2
You slash the killer bee!
You kill the killer bee!
You now have 333 gold pieces (gained 4).
You open the door.
The electric eel shoots out a bolt of lightning at you!
The bolt of electricity hits the plant!
The plant begins to die.
The bolt of electricity hits you.
There is an open door here.
The electric eel shoots out a bolt of lightning at you!
The bolt of electricity misses you. The bolt of electricity hits you.
The electric eel shoots out a bolt of lightning at you!
The bolt of electricity hits the electric eel.
The electric eel completely resists.
The bolt of electricity hits you!
The electric eel shoots out a bolt of lightning at you!
The bolt of electricity hits the plant!
The plant begins to die.
The bolt of electricity hits you!
The electric eel shoots out a bolt of lightning at you!
The bolt of electricity hits you!
The electric eel shoots out a bolt of lightning at you!
The bolt of electricity hits the plant!
The bolt of electricity hits you.
* * * LOW HITPOINT WARNING * * *
A nearby plant withers and dies.
The electric eel shoots out a bolt of lightning at you!
The bolt of electricity hits you.
* * * LOW HITPOINT WARNING * * *
The bolt of electricity hits you!
You die...
Your body crumbles into a pile of gold.

.# ##'##≈$~P. ..
#.#..........# .#
#.#S≈?P~. #.
#.####..##.### .###
#.#S.~... #. #.#
#..#....
...###.#S≈?.P. #~##.#
#.##.....
.....#~##≈$... #~~#..
.......$.
...####~##########~###
##.##..#.. ..##
##~##≈!.~..#..# ..#
#~#≈S.PP..'#.# ♣.#
#.#≈~~S..@.#.# ~~♣
#.#≈S..P...#~# ~~P
#.##≈?!~..##~# ~P~
##.########.##
##~~~~....##
########## #.#.# # #
#.♣~. # #.#.~P~## #
..~~...


You could see 3 electric eels.

Vanquished Creatures
  A water moccasin (D:5)
  A sky beast (D:4)
  A centaur (D:5)
  A scorpion (D:3)
  A killer bee (D:5)
  A hound (D:5)
  A jelly (D:5)
  3 orc priests
  3 iguanas
  2 orc wizards
  5 worms
  5 dart slugs
  13 orcs
  5 endoplasms
  5 giant cockroaches
  3 goblins
  3 hobgoblins
  3 jackals
  5 quokkas
  5 ball pythons
  2 frilled lizards
  2 kobolds
  4 rats
  A butterfly (D:5)
76 creatures vanquished.

Vanquished Creatures (others)
  2 fungi (D:1)
  21 plants (D:5)
  4 toadstools (D:1)
27 creatures vanquished.

Grand Total: 103 creatures vanquished

Notes
Turn   | Place    | Note
-------+----------+-------------------------------------------
     0 | D:1      | McMuffin the Minotaur Fighter began the quest for the Orb.
     0 | D:1      | Reached XP level 1. HP: 19/19 MP: 0/0
   639 | D:1      | Reached XP level 2. HP: 27/27 MP: 1/1
  1760 | D:3      | Found a faded altar of an unknown god.
  1766 | D:3      | Reached XP level 3. HP: 33/33 MP: 2/2
  1767 | D:3      | Reached skill level 4 in Armour
  1780 | D:3      | Prayed at the altar of an unknown god.
  1780 | D:3      | Became a worshipper of Gozag Ym Sagoz the Greedy
  1909 | D:3      | Noticed a scorpion
  1915 | D:3      | Killed a scorpion
  1916 | D:3      | Reached XP level 4. HP: 32/41 MP: 3/3
  2611 | D:4      | Reached XP level 5. HP: 40/47 MP: 4/4
  2652 | D:4      | Found a basalt altar of Yredelemnul.
  2660 | D:4      | Found a blossoming altar of Fedhas.
  2661 | D:4      | Found a broken altar of Ashenzari.
  2680 | D:4      | Found a shimmering blue altar of Sif Muna.
  2693 | D:4      | Found a hide-covered altar of Uskayaw.
  3156 | D:4      | Noticed a sky beast
  3165 | D:4      | Reached skill level 1 in Throwing
  3176 | D:4      | Killed a sky beast
  3177 | D:4      | Reached skill level 5 in Armour
  3177 | D:4      | Reached XP level 6. HP: 22/53 MP: 5/5
  3469 | D:5      | Entered Level 5 of the Dungeon
  3479 | D:5      | Reached skill level 5 in Axes
  3531 | D:5      | Noticed a water moccasin
  3552 | D:5      | Killed a water moccasin
  3553 | D:5      | Reached XP level 7. HP: 28/60 MP: 6/6
  3712 | D:5      | Found a staircase to the Ecumenical Temple.
  3944 | D:5      | Reached skill level 5 in Fighting
  3944 | D:5      | Reached skill level 6 in Armour
  4035 | D:5      | Killed from afar by an electric eel

Illustrated notes

Levels and vault maps discovered:
D:1:      ebering_trefoil_3fold, layout_loops_corners, minmay_gold_behind_fungi,
          minmay_misc_feat_secret_circle
D:2:      layout_loops_corners
D:3:      layout_basic, nicolae_ecumenical_pavilion,
          nicolae_elevator_lobby_asterisk
D:4:      layout_loops_corners, nicolae_uskayaw_murder_on_the_dancefloor,
          nicolae_overflow_quartered_altars, minmay_distorted
D:5:      cheibrodos_two_vegetables, layout_basic,
          minmay_temple_entry_butterflies, serial_bayou, serial_bayou_pond_c,
          serial_bayou_ford_a, serial_bayou_pond_e, serial_bayou_crossing

Skill      XL: |  1  2  3  4  5  6  7 |
---------------+----------------------+-----
Shields        | 4 |  4.9
Fighting       | 4 5 |  5.0
Armour         | 4 5 6 |  6.2
Axes           | 3 4 5 |  5.7
Throwing       | 1 2 3 |  3.5
Dodging        | |  0.6
Stealth        | |  0.8

Action                   |  1- 3 |  4- 6 |  7- 9 || total
-------------------------+-------+-------+-------++-------
Melee: War axe           |    33 |       |       ||    33
       Headbutt          |     9 |    10 |     3 ||    22
       Hand axe          |    17 |    87 |    27 ||   131
Throw: Boomerang         |       |    38 |     6 ||    44
Invok: Potion Petition   |       |     1 |       ||     1
  Use: Scroll            |       |     9 |       ||     9
       Potion            |       |     1 |       ||     1
Armor: Scale mail        |    23 |     5 |       ||    28
       Chain mail        |       |    28 |    17 ||    45
Dodge: Dodged            |    24 |    22 |    11 ||    57
Block: Buckler           |     8 |    11 |     6 ||    25

Table legend: (Time is in decaauts)
 A = Elapsed time spent in this place.
 B = Non-inter-level travel time spent in this place.
 C = Inter-level travel time spent in this place.
 D = Time resting spent in this place.
 E = Time spent auto-exploring this place.
 F = Levels seen in this place.
 G = Mean time per level.
                   A        B        C        D        E       F      G
               +--------+--------+--------+--------+--------+-----+--------+
         Total |   4062 |   4003 |     59 |    256 |      0 |   5 |  812.4 |
       Dungeon |   4062 |   4003 |     59 |    256 |      0 |   5 |  812.4 |
               +--------+--------+--------+--------+--------+-----+--------+

Top non-repeatable levels by time:
     D:2: 1044 daAuts
     D:4: 999 daAuts
     D:1: 727 daAuts
     D:3: 711 daAuts
     D:5: 580 daAuts
